 Dungeon Crawl Stone Soup version 0.29-a0-643-ga013cefcf8 (webtiles) character file.

Game seed: 14330983220057539266

465 shoop the Caller (level 7, -2/57 HPs)
             Began as a Meteoran Summoner on June 20, 2022.
             Was an Initiate of Ashenzari.
             Slain by a white imp (4 damage)
             ... on level 6 of the Dungeon.
             The game lasted 00:09:02 (849 turns).

shoop the Caller (Meteoran Summoner)                 Turns: 849, Time: 00:09:02

Health: -2/57      AC:  3    Str:  9 (10) XL:     7   Next: 55%
Magic:  8/15       EV: 12    Int: 17 (19) God:    Ashenzari [......]
Gold:   123        SH:  0    Dex: 13 (14) Spells: 7/15 levels left

rFire   . . .      SeeInvis .   t - +0 halberd
rCold   + . .      Faith    .   (shield currently unavailable)
rNeg    . . .      Spirit   .   m - +0 leather armour "I Knew You'd Do That" {Evo, Self} (curse)
rPois   +          Reflect  .   (no helmet)
rElec   .          Harm     .   (no cloak)
rCorr   .          Rampage  .   (no gloves)
Will    .....                   (no boots)
Stlth   +.........              (no amulet)
HPRegen 0.19/turn               f - ring of poison resistance
MPRegen 0.14/turn               q - ring of protection from cold

@: attractive, flying, glowing
A: sense surroundings 1, otherworldly, glowing, explore regen
a: Renounce Religion, Shatter the Chains


You were on level 6 of the Dungeon.
You worshipped Ashenzari.
Ashenzari was noncommittal.
You visited 1 branch of the dungeon, and saw 6 of its levels.

You collected 123 gold pieces.

Inventory:

Hand Weapons
 d - a +0 dagger
 h - a +0 short sword
 l - a +0 trident
 s - a +0 vampiric hand axe
 t - a +0 halberd (weapon)
Armour
 a - a +0 robe
 g - +0 gold dragon scales
 m - the cursed +0 leather armour "I Knew You'd Do That" (worn) {Evo, Self}
   (You found it on level 3 of the Dungeon)

   It has a curse which improves the following skills: Evocations: Evocations.
   Introspection: Fighting and Spellcasting.
Jewellery
 f - a ring of poison resistance (left hand)
 q - a ring of protection from cold (right hand)
 r - a ring of protection from fire
Scrolls
 c - 3 scrolls of identify {unknown}
 e - a scroll of blinking {unknown}
 i - a scroll of noise {unknown}
 j - a scroll of enchant weapon {unknown}
 n - a scroll of teleportation {unknown}
 u - a scroll of enchant armour {unknown}
Potions
 b - a potion of magic
 o - a potion of curing


   Skills:
 - Level 3.0(3.3) Fighting
 - Level 2.0 Armour
 - Level 3.0 Dodging
 - Level 1.4 Stealth
 + Level 4.3(4.7) Spellcasting
 * Level 7.4 Summonings
 + Level 2.7 Air Magic


You had 7 spell levels left.
You knew the following spells:

 Your Spells              Type           Power      Damage    Failure   Level
a - Summon Small Mammal   Summ           100%       N/A       1%          1
b - Summon Lightning Spi  Summ/Air       21%        N/A       24%         4
c - Call Canine Familiar  Summ           29%        N/A       2%          3

Your spell library contained the following spells:

 Spells                   Type           Power      Damage    Failure   Level
 Call Imp                 Summ           29%        N/A       1%          2
 Summon Guardian Golem    Hex/Summ       16%        N/A       13%         3


Dungeon Overview and Level Annotations

Branches:
Dungeon (6/15) Zot: 2720
 Temple: D:4-7

Altars:
Ashenzari
The Shining One


Innate Abilities, Weirdness & Mutations

You passively map a small area around you.
You are easily found by Zot.
You glow in the dark.
You regain HP and MP as you explore.


Message History

Your rat misses the bullfrog.
The white imp completely misses your rat.
Casting: Call Canine Familiar (dangerous; 3% risk of failure)
Confirm with . or Enter, or press ? or * to list all spells.
The bullfrog barely misses your rat. The bullfrog hits you.
* * * LOW HITPOINT WARNING * * *
Your rat closely misses the bullfrog.
The bullfrog closely misses your rat. The white imp barely misses your rat.
Unknown command.
You hit the bullfrog.
The bullfrog is heavily wounded.
The bullfrog closely misses you. x2; Your rat bites the bullfrog.
The bullfrog closely misses you. The white imp hits your rat.
Your rat dies!
Your rat's corpse disappears in a puff of smoke!
Your hound misses the bullfrog. The bullfrog misses you.
You slash the bullfrog!
You kill the bullfrog!
Your hound bites the bullfrog.
The bullfrog closely misses you.
Your hound closely misses the bullfrog.
The bullfrog hits you.
* * * LOW HITPOINT WARNING * * *
The white imp barely misses you.
Your Spellcasting skill increases to level 4!
Your Summonings skill increases to level 7!
It was a potion of flight.
You feel very buoyant.
You fly up into the air.
Your hound bites the bullfrog.
The bullfrog hits your hound!
Your hound bites the bullfrog.
The bullfrog dies!
The white imp hits you.
* * * LOW HITPOINT WARNING * * *
The white imp freezes you. You resist.
* * * LOW HITPOINT WARNING * * *
Unknown command.
It was a potion of degeneration.
There was something very wrong with that liquid.
You feel weakened.
You feel dopey.
You feel clumsy.
The white imp hits you but does no damage.
The white imp attacks as you move away! The white imp hits you.
You die...

* , # *.# , ###. .. ,,,,
#############... *.# #* * ,
##.....##......# .#.###.
##.....<........####.#.....
,
#................##.......,
#.............@h......#
#..............5.##.### ,
,, #................##.# ,,
#................##F# *
#................##.. ,
##..............##..##**
##.....##.....## ..#
############## #.## ##


You could see a white imp (ally target) and a friendly hound (summoned).

Vanquished Creatures
  A bullfrog (D:6)
  A scorpion (D:4)
  A hound (D:5)
  2 gnolls (D:5)
  2 adders (D:3)
  A worm (D:3)
  A ball python (D:3)
  2 endoplasms
  A giant cockroach (D:1)
  A hobgoblin (D:4)
  2 jackals (D:5)
  2 frilled lizards (D:1)
  3 rats
20 creatures vanquished.

Vanquished Creatures (collateral kills)
  A water moccasin (D:6)
  A bullfrog (D:6)
  A jelly (D:5)
  An iguana (D:5)
  2 gnolls (D:5)
  2 orcs
  3 endoplasms
  4 kobolds
  A ball python (D:1)
  2 frilled lizards
18 creatures vanquished.

Vanquished Creatures (others)
  A plant (D:1)
1 creature vanquished.

Grand Total: 39 creatures vanquished

Notes
Turn   | Place    | Note
-------+----------+-------------------------------------------
     0 | D:1      | shoop the Meteoran Summoner began the quest for the Orb.
     0 | D:1      | Reached XP level 1. HP: 14/14 MP: 5/5
    85 | D:1      | Reached XP level 2. HP: 22/22 MP: 4/6
   138 | D:1      | Reached skill level 5 in Summonings
   185 | D:3      | Reached skill level 1 in Fighting
   185 | D:3      | Reached XP level 3. HP: 13/28 MP: 4/8
   331 | D:3      | Noticed a scorpion
   354 | D:3      | Learned a level 3 spell: Call Canine Familiar
   403 | D:3      | Found a broken altar of Ashenzari.
   421 | D:3      | Reached skill level 1 in Armour
   433 | D:3      | Became a worshipper of Ashenzari the Shackled
   453 | D:3      | Reached XP level 4. HP: 22/36 MP: 9/9
   532 | D:4      | Found a glowing golden altar of the Shining One.
   565 | D:4      | Noticed a scorpion
   574 | D:4      | Killed a scorpion
   575 | D:4      | Reached XP level 5. HP: 21/41 MP: 6/10
   609 | D:5      | Entered Level 5 of the Dungeon
   619 | D:5      | Reached skill level 6 in Summonings
   626 | D:5      | Learned a level 4 spell: Summon Lightning Spire
   675 | D:5      | Reached XP level 6. HP: 50/50 MP: 7/11
   706 | D:5      | Reached skill level 1 in Air Magic
   784 | D:6      | Noticed a water moccasin
   801 | D:6      | Killed a water moccasin
   802 | D:6      | Reached XP level 7. HP: 32/57 MP: 7/13
   847 | D:6      | Reached skill level 7 in Summonings
   847 | D:6      | HP: 2/57 [white imp (2)]
   849 | D:6      | Slain by a white imp

Illustrated notes

Levels and vault maps discovered:
D:1:      evilmike_arrival_grusome_pit, layout_loops_cross, serial_forest,
          infiniplex_forest_straight_1, infiniplex_forest_clump_large,
          infiniplex_forest_lined_3, infiniplex_forest_clump_tiny,
          infiniplex_forest_lined_3, infiniplex_forest_clump_medium,
          infiniplex_forest_clump_medium, infiniplex_forest_lined_room_2,
          infiniplex_forest_clump_curved, infiniplex_forest_fountain,
          shapermc_ecumenical_altar_totnotflames
D:2:      layout_basic, minmay_misc_feat_iff
D:3:      layout_basic, nicolae_ashenzari_skybound, marbit_many_paths,
          minmay_quadrilaterals
D:4:      minmay_general_purpose_star, layout_rooms,
          mainiacjoe_overflow_chevrons, lemuel_old_faithful
D:5:      layout_basic, serial_shops, kennysheep_mini_moat,
          corexii_hall_statues_s, chequers_serial_rivers_micro_e
D:6:      layout_rooms, nicolae_hepliaklqana_hazy_memory, grunt_ministairs_11

Skill      XL: |  1  2  3  4  5  6  7 |
---------------+----------------------+-----
Summonings     | 5 6 7 |  7.4
Fighting       | 1 2 3 |  3.0
Spellcasting   | 3 4 |  4.3
Dodging        | 3 |  3.0
Armour         | 1 2 |  2.0
Air Magic      | 2 |  2.7
Stealth        | |  1.4

Action                   |  1- 3 |  4- 6 |  7- 9 || total
-------------------------+-------+-------+-------++-------
Melee: Unarmed           |    11 |       |       ||    11
       Dagger            |    10 |       |       ||    10
       Trident           |    21 |    31 |       ||    52
       Short sword       |    12 |       |       ||    12
       Halberd           |       |    18 |     6 ||    24
 Cast: Summon Small Mamm |    15 |     7 |     2 ||    24
       Call Canine Famil |       |     6 |     2 ||     8
Invok: Curse Item        |       |       |     1 ||     1
  Use: Potion            |       |       |     4 ||     4
 Stab: Sleeping          |     1 |       |       ||     1
       Distracted        |       |     1 |       ||     1
Armor: Robe              |     8 |       |       ||     8
       Leather armour    |     8 |    11 |     2 ||    21
Dodge: Dodged            |    16 |    29 |    14 ||    59

Table legend: (Time is in decaauts)
 A = Elapsed time spent in this place.
 B = Non-inter-level travel time spent in this place.
 C = Inter-level travel time spent in this place.
 D = Time resting spent in this place.
 E = Time spent auto-exploring this place.
 F = Levels seen in this place.
 G = Mean time per level.
                   A        B        C        D        E       F      G
               +--------+--------+--------+--------+--------+-----+--------+
         Total |    879 |    879 |      0 |      0 |      0 |   6 |  146.5 |
       Dungeon |    879 |    879 |      0 |      0 |      0 |   6 |  146.5 |
               +--------+--------+--------+--------+--------+-----+--------+

Top non-repeatable levels by time:
     D:3: 335 daAuts
     D:5: 187 daAuts
     D:1: 150 daAuts
     D:4: 113 daAuts
     D:6: 72 daAuts
     D:2: 19 daAuts
